 Dungeon Sprint DCSS version 0.31-a0-774-g0d66cbabe8 (webtiles) character file.

Game seed: 522759228099207866

2900 Conn the Thaumaturge (level 9, -2/54 HPs)
             Began as an Octopode Fire Elementalist on Sept 17, 2023.
             Was a Believer of Sif Muna.
             Shot with an arrow by a centaur warrior (25 damage)
             ... in the Dungeon (Sprint I: "Red Sonja").
             The game lasted 00:05:32 (953 turns).

Conn the Thaumaturge (Octopode Fire Elementalist)    Turns: 953, Time: 00:05:32

Health: -2/54      AC:  1    Str:  7    XL:     9   Next: 78%
Magic:  26/26      EV: 15    Int: 21    God:    Sif Muna [**....]
Gold:   891        SH:  0    Dex: 13    Spells: 25/35 levels left

rFire   . . .        h - +0 scythe (venom)
rCold   . . .        (shield currently unavailable)
rNeg    . . .        (helmet restricted)
rPois   .            (no amulet)
rElec   .            (no ring)
rCorr   .            (no ring)
SInv    .            (no ring)
Will    .....        (no ring)
Stlth   ++++         (no ring)
HPRegen 0.29/turn    (no ring)
MPRegen 0.20/turn    (no ring)
                     (no ring)

%: no teleportation
@: no status effects
A: almost no armour, amphibious, 8 rings, camouflage 1, gelatinous body 1,
(nimble swimmer 1), tentacles
a: Renounce Religion, Channel Magic


You were in the Dungeon.
You worshipped Sif Muna.
Sif Muna was pleased with you.
You visited 1 branch You collected 891 gold pieces.

Inventory:

Hand Weapons
 g - a +0 dagger
 h - a +0 scythe of venom (weapon)
Missiles
 j - a curare-tipped dart (quivered)
Wands
 e - a wand of iceblast (24)
 i - a wand of flame (20)
Scrolls
 f - a scroll of blinking
Potions
 a - 3 potions of magic
 b - 3 potions of curing
 c - a potion of heal wounds
 d - a potion of haste


   Skills:
 + Level 2.3 Fighting
 + Level 1.0 Polearms
 + Level 1.0 Throwing
 + Level 6.2 Dodging
 - Level 5.0 Stealth
 * Level 13.6 Spellcasting
 * Level 8.6 Conjurations
 + Level 0.5 Hexes
 + Level 12.5 Fire Magic


You had 25 spell levels left.
You knew the following spells:

 Your Spells              Type           Power      Damage    Failure   Level
a - Foxfire               Conj/Fire      100%       2x1d9     1%          1
b - Scorch                Fire           100%       2d9       1%          2
c - Inner Flame           Hex/Fire       41%        N/A       1%          3
d - Flame Wave            Conj/Fire      56%        2d13      1%          4

Your spell library contained the following spells:

 Spells                   Type           Power      Damage    Failure   Level
 Volatile Blastmotes      Fire/Tloc      80%        2d16      1%          3


Dungeon Overview and Level Annotations

Branches:
Dungeon (1/1)

Altars:
Cheibriados
Dithmenos
Elyvilon
Fedhas
Gozag
Hepliaklqana
Kikubaaqudgha
Makhleb
Nemelex Xobeh
Okawaru
Qazlal
Ru
Sif Muna
Trog
Uskayaw
Vehumet
Wu Jian
Xom
Yredelemnul
Zin
The Shining One
Jiyva
Lugonu

Shops:
D [=[


Innate Abilities, Weirdness & Mutations

You cannot wear most types of armour.
You are amphibious.
You can wear up to eight rings at the same time.
Your skin changes colour to match your surroundings (Stealth+).
Your rubbery body absorbs attacks. (AC +1, EV +1)
((You are camouflaged when in or above water. (Stealth+)))
You have tentacles for arms and can constrict up to eight enemies at once.


Message History

Unknown command.
Casting: Scorch (safe; 1% risk of failure)
Confirm with . or Enter, or press ? or * to list all spells.
You conjure some foxfire!
The foxfire hits the centaur warrior.
The centaur warrior is burned terribly!
The centaur warrior is almost dead.
Casting: Foxfire (safe; 1% risk of failure)
Confirm with . or Enter, or press ? or * to list all spells.
Flames lash the centaur warrior.
The centaur warrior is burned terribly!
You kill the centaur warrior!
Sif Muna accepts your kill.
Your life force feels restored.
Your Polearms skill increases to level 1!
Your Throwing skill increases to level 1!
Your Spellcasting skill increases to level 13!
Unknown command.
Your foxfire dissipates!
Things that are here:
a +2 shortbow of draining; 5 stones You close the door.
You start resting.
Magic restored.
You start resting.
HP restored.
There is an entrance to Luppoa Ygui's Armour Emporium here.
Unknown command.
Things that are here:
a +2 shortbow of draining; 5 stones You open the door.
There is an open door here.
There is a broken door here.
You see here a +0 ring mail.
As you read the scroll labelled BELLIBB NELUCH, it crumbles to dust.
You assume a fearsome visage.
Nothing appears to happen.
It was a scroll of fear.
You see here a +0 ring mail.
The centaur warrior shoots an arrow.
The arrow hits you!!
Ouch! That really hurt!
The centaur warrior shoots an arrow.
The arrow hits you!!
You die...

..'..#..'[.#..'..').#...#
..#####'#####'#__####...+
..####..#...#.####)§#####
..#__####..##.#~~§§§#
..#_____##'#_.'§§§c.+
⌠⌠#_.∩...'..._#§§§§
###_..__##_.#'##'###
#_____###'#.#(.[.###
###########)####@###.##
∩.[......c...'.....')∩#
##++++####...##########
###.### #.#'#.# #.....#
#.....# #######


You could see a centaur warrior.

Vanquished Creatures
  A centaur warrior (D)
  Sonja (D)
  A deep troll (D)
  2 kobold demonologists (D)
  Sigmund (D)
  A slime creature (D)
  A yak (D)
  A floating eye (D)
  An ogre (D)
  A jelly (D)
  Ijyb (D)
12 creatures vanquished.

Vanquished Creatures (others)
  2 ballistomycete spores (D)
  32 foxfires (D)
34 creatures vanquished.

Grand Total: 46 creatures vanquished

Notes
Turn   | Place    | Note
-------+----------+-------------------------------------------
     0 | D        | Conn the Octopode Fire Elementalist began the quest for the
                  | Orb.
     0 | D        | Reached XP level 1. HP: 11/11 MP: 3/3
     3 | D        | Noticed Ijyb
    10 | D        | Killed Ijyb
    11 | D        | Reached skill level 3 in Spellcasting
    11 | D        | Reached skill level 5 in Fire Magic
    11 | D        | Reached XP level 2. HP: 9/17 MP: 0/6
    11 | D        | Reached XP level 3. HP: 11/21 MP: 0/7
    59 | D        | Learned a level 2 spell: Scorch
    63 | D        | Learned a level 3 spell: Inner Flame
    77 | D        | Noticed an ogre
    83 | D        | Killed an ogre
    84 | D        | Reached skill level 5 in Spellcasting
    84 | D        | Reached XP level 4. HP: 27/27 MP: 0/11
   181 | D        | Noticed Sigmund
   187 | D        | Killed Sigmund
   188 | D        | Reached skill level 5 in Stealth
   188 | D        | Reached skill level 6 in Spellcasting
   188 | D        | Reached XP level 5. HP: 32/32 MP: 8/14
   188 | D        | Reached XP level 6. HP: 37/37 MP: 8/15
   253 | D        | Learned a level 4 spell: Flame Wave
   253 | D        | Found a shimmering blue altar of Sif Muna.
   254 | D        | Found an ornate altar of the Wu Jian Council.
   255 | D        | Found a radiant altar of Vehumet.
   260 | D        | Reached skill level 1 in Fighting
   260 | D        | Reached skill level 7 in Spellcasting
   266 | D        | Became a worshipper of Sif Muna the Loreminder
   288 | D        | Found Jepatzisog's Jewellery Emporium.
   288 | D        | Found an ancient bone altar of Kikubaaqudgha.
   288 | D        | Found a hazy altar of Hepliaklqana.
   288 | D        | Found a stormy altar of Qazlal.
   288 | D        | Found a hide-covered altar of Uskayaw.
   288 | D        | Found a blossoming altar of Fedhas.
   288 | D        | Found a bloodstained altar of Trog.
   288 | D        | Found an iron altar of Okawaru.
   288 | D        | Found a basalt altar of Yredelemnul.
   288 | D        | Found a glowing golden altar of the Shining One.
   288 | D        | Found a snail-covered altar of Cheibriados.
   288 | D        | Found a sacrificial altar of Ru.
   288 | D        | Found a glowing silver altar of Zin.
   288 | D        | Found a shadowy altar of Dithmenos.
   288 | D        | Found a white marble altar of Elyvilon.
   288 | D        | Noticed a yak
   293 | D        | Killed a yak
   294 | D        | Reached skill level 5 in Dodging
   294 | D        | Reached skill level 8 in Spellcasting
   294 | D        | Reached skill level 5 in Conjurations
   294 | D        | Reached XP level 7. HP: 36/43 MP: 4/18
   294 | D        | Found an opulent altar of Gozag.
   295 | D        | Found a sparkling altar of Nemelex Xobeh.
   389 | D        | Found a burning altar of Makhleb.
   389 | D        | Found a viscous altar of Jiyva.
   389 | D        | Found a shimmering altar of Xom.
   389 | D        | Found a corrupted altar of Lugonu.
   389 | D        | Noticed a slime creature
   399 | D        | Killed a slime creature
   400 | D        | Reached skill level 9 in Spellcasting
   462 | D        | Noticed a kobold demonologist
   466 | D        | Noticed a kobold demonologist
   471 | D        | Paralysed by a floating eye for 3 turns
   473 | D        | Killed a kobold demonologist
   473 | D        | Reached * piety under Sif Muna
   474 | D        | Reached skill level 10 in Spellcasting
   474 | D        | Reached skill level 10 in Fire Magic
   474 | D        | Reached XP level 8. HP: 43/48 MP: 9/22
   479 | D        | Killed a kobold demonologist
   480 | D        | Reached skill level 11 in Spellcasting
   589 | D        | Noticed Sonja
   593 | D        | Killed Sonja
   593 | D        | Reached ** piety under Sif Muna
   594 | D        | Reached skill level 12 in Spellcasting
   594 | D        | Reached XP level 9. HP: 54/54 MP: 16/25
   679 | D        | Found Fulag's Antique Armour Boutique.
   699 | D        | Noticed a deep troll
   717 | D        | Killed a deep troll
   774 | D        | Found Luppoa Ygui's Armour Emporium.
   795 | D        | Noticed a centaur warrior
   795 | D        | Noticed a centaur warrior
   809 | D        | Killed a centaur warrior
   810 | D        | Reached skill level 1 in Polearms
   810 | D        | Reached skill level 1 in Throwing
   810 | D        | Reached skill level 13 in Spellcasting
   953 | D        | Shot with an arrow by a centaur warrior

Illustrated notes

Levels and vault maps discovered:
D:        dungeon_sprint_1 [red_sonja_temple_1, red_sonja_temple_small_1]

Skill      XL: |  1  2  3  4  5  6  7  8  9 |
---------------+----------------------------+-----
Stealth        | 3 4 5 |  5.0
Spellcasting   | 3 5 6 8 10 12 13 | 13.6
Fire Magic     | 5 6 8 9 10 11 12 | 12.5
Dodging        | 3 4 5 6 |  6.2
Conjurations   | 2 4 5 6 7 8 |  8.6
Fighting       | 1 2 |  2.3
Polearms       | 1 |  1.0
Throwing       | 1 |  1.0
Hexes          | |  0.5

Action                     |  1- 3 |  4- 6 |  7- 9 || total
---------------------------+-------+-------+-------++-------
  Melee: Unarmed           |     5 |       |       ||     5
         Tentacles         |     2 |       |     2 ||     4
         Constrict         |     1 |       |     1 ||     2
         Halberd           |       |       |     4 ||     4
         Punch             |       |       |     1 ||     1
  Throw: Dart              |       |       |     4 ||     4
   Cast: Foxfire           |     6 |     2 |    11 ||    19
         Scorch            |     2 |     6 |    13 ||    21
         Flame Wave        |       |     1 |       ||     1
         Inner Flame       |       |       |     2 ||     2
    Use: Potion            |     1 |       |       ||     1
         Scroll            |       |       |     1 ||     1
 Armour: Skin              |     3 |     1 |     9 ||    13
  Dodge: Dodged            |       |     4 |     3 ||     7

Table legend: (Time is in decaauts)
 A = Elapsed time spent in this place.
 B = Non-inter-level travel time spent in this place.
 C = Inter-level travel time spent in this place.
 D = Time resting spent in this place.
 E = Time spent auto-exploring this place.
 F = Levels seen in this place.
 G = Mean time per level.
                   A        B        C        D        E       F      G
               +--------+--------+--------+--------+--------+-----+--------+
         Total |    964 |    964 |      0 |    570 |      0 |   1 |  964.0 |
       Dungeon |    964 |    964 |      0 |    570 |      0 |   1 |  964.0 |
               +--------+--------+--------+--------+--------+-----+--------+

Top non-repeatable levels by time:
       D: 964 daAuts
